 Dungeon Crawl Stone Soup version 0.25-a0-302-g9f758675c1 (webtiles) character file.

Game seed: 13387115861322560310, levelgen mode: deterministic

241 Glalom the Basher (level 5, -5/45 HPs)
             Began as a Minotaur Berserker on Dec 20, 2019.
             Was a Priest of Trog.
             Splashed by Ijyb's acid (12 damage)
             ... on level 3 of the Dungeon.
             The game lasted 00:05:20 (3194 turns).

Glalom the Basher (Minotaur Berserker)              Turns: 3194, Time: 00:05:22

Health: -5/45      AC:  5    Str: 22    XL:     5   Next: 80%
Magic:  4/4        EV:  7    Int:  4    God:    Trog [***...]
Gold:   171        SH:  3    Dex: 10    Spells: 4/4 levels left

rFire    . . .     SeeInvis .   a - +0 mace
rCold    . . .     Gourm    .   v - +0 buckler
rNeg     . . .     Faith    .   q - +0 chain mail
rPois    .         Spirit   .   (helmet restricted)
rElec    .         Reflect  .   (no cloak)
rCorr    .         Harm     .   x - +0 pair of gloves
MR       .....                  (no boots)
Stlth    ..........             (no amulet)
HPRegen  0.15/turn              (no ring)
MPRegen  0.09/turn              (no ring)

@: corroded
A: retaliatory headbutt, horns 2
a: Berserk, Trog's Hand, Renounce Religion


You were on level 3 of the Dungeon.
You worshipped Trog.
Trog was most pleased with you.
You were not hungry.

You visited 1 branch of the dungeon, and saw 3 of its levels.

You collected 171 gold pieces.

Inventory:

Hand Weapons
 a - a +0 mace (weapon)
Missiles
 e - 4 atropa-tipped darts (quivered)
 f - 17 poisoned darts
 s - 7 datura-tipped darts
Armour
 b - a +0 animal skin
 q - a +0 chain mail (worn)
 t - a +0 chain mail
 v - a +0 buckler (worn)
 x - a +0 pair of gloves (worn)
Jewellery
 m - an uncursed ring of fire {unknown}
Scrolls
 d - a scroll of enchant armour {unknown}
 g - 5 scrolls of identify {unknown}
 k - 4 scrolls of fear {unknown}
 l - 3 scrolls of teleportation {unknown}
 o - 2 scrolls of blinking {unknown}
 p - 2 scrolls of remove curse {unknown}
 u - a scroll of fog {unknown}
Potions
 h - a potion of magic {unknown}
 i - 3 potions of heal wounds {unknown}
 j - a potion of curing {unknown}
 n - a potion of lignification {unknown}
 r - a potion of degeneration {unknown}
 w - a potion of berserk rage {unknown}
Comestibles
 c - 5 rations
 z - 4 chunks of flesh


   Skills:
 - Level 3.6 Fighting
 + Level 8.0 Maces & Flails
 - Level 2.4 Armour
 - Level 2.1 Dodging


You had 4 spell levels left.
You didn't know any spells.
Your spell library was empty.

Dungeon Overview and Level Annotations

Branches:
Dungeon (3/15)

Altars:
Qazlal

Annotations:
D:3 Ijyb


Innate Abilities, Weirdness & Mutations

You reflexively headbutt those who attack you in melee.
You have a pair of horns on your head.


Message History

Trog accepts your kill.
You are too injured to fight recklessly!
You are too injured to fight recklessly!
You hit Ijyb.
Ijyb is heavily wounded.
You block the hound skeleton's attack. Ijyb hits you with a +0 dagger.
You completely miss Ijyb.
Ijyb is heavily wounded.
The hound skeleton barely misses you. Ijyb closely misses you.
The hound skeleton bites you but does no damage.
You hit Ijyb. You headbutt Ijyb, but do no damage.
Ijyb is severely wounded.
Ijyb hits you but does no damage. The hound skeleton barely misses you.
You hit Ijyb but do no damage.
Ijyb is severely wounded.
The hound skeleton bites you but does no damage.
Ijyb zaps a wand.
The bolt of acid hits you!
* * * LOW HITPOINT WARNING * * *
The acid corrodes you!
You are splashed with acid!
You die...

#........#
#..P.....#
#........#
##......##########
##...............##
#..#######.#####..##
#.## ########..# ..#
.8.8.8Z8..# ..#
......g@..# #.#
(.....)†..#
#.#######..........#
#.......#(.........#
#..(...##..........#
[....### .8.8.8.8..#
###..###############
# #.....##.#
####.##..#.#


You could see Ijyb and a hound skeleton.

Vanquished Creatures
  A bullfrog (D:2)
  Jessica (D:3)
  2 worker ant zombies (D:3)
  4 adders
  An ooze (D:3)
  2 adder skeletons (D:3)
  A worm (D:3)
  3 dart slugs
  2 leopard geckos
  7 orcs (D:3)
  9 bats
  3 giant cockroaches
  11 goblins
  8 hobgoblins
  4 kobolds
  2 quokkas (D:3)
  A ball python (D:3)
  3 frilled lizards
  A giant cockroach zombie (D:3)
  A leopard gecko zombie (D:3)
  8 rats
75 creatures vanquished.

Notes
Turn   | Place    | Note
-------+----------+-------------------------------------------
     0 | D:1      | Glalom the Minotaur Berserker began the quest for the Orb.
     0 | D:1      | Reached XP level 1. HP: 19/19 MP: 0/0
   256 | D:1      | Reached skill level 4 in Maces & Flails
   431 | D:1      | Reached XP level 2. HP: 15/26 MP: 1/1
  1220 | D:2      | Noticed a bullfrog
  1227 | D:2      | Killed a bullfrog
  1227 | D:2      | Reached skill level 6 in Maces & Flails
  1227 | D:2      | Reached XP level 3. HP: 17/31 MP: 2/2
  1227 | D:2      | Reached XP level 4. HP: 22/39 MP: 3/3
  1525 | D:2      | Reached ** piety under Trog
  2009 | D:2      | Found a stormy altar of Qazlal.
  2388 | D:3      | Reached XP level 5. HP: 24/45 MP: 4/4
  2396 | D:3      | Reached skill level 7 in Maces & Flails
  2930 | D:3      | Noticed Jessica
  2938 | D:3      | Killed Jessica
  3045 | D:3      | Reached *** piety under Trog
  3183 | D:3      | Noticed Ijyb
  3189 | D:3      | Reached skill level 8 in Maces & Flails
  3194 | D:3      | Splashed by Ijyb's acid

Levels and vault maps discovered:
D:1:      lemuel_arrival_cross, layout_basic
D:2:      layout_basic, lemuel_coloured_pillars_altar, minmay_tree_intersection,
          minmay_rat_gold_closets
D:3:      kennysheep_the_goblin_king, layout_rooms, serial_undead,
          serial_undead_e, serial_undead_c, serial_undead_f, serial_undead_e,
          serial_undead_e, serial_undead_a, serial_undead_a, serial_undead_b,
          uniq_ijyb, uniq_jessica

Skill      XL: |  1  2  3  4  5 |
---------------+----------------+-----
Maces & Flails | 4 6 8 |  8.0
Fighting       | |  3.6
Armour         | |  2.4
Dodging        | |  2.1

Action                   |  1- 3 |  4- 6 || total
-------------------------+-------+-------++-------
Melee: Mace              |    34 |   128 ||   162
       Headbutt          |     8 |    27 ||    35
Invok: Berserk           |       |     2 ||     2
 Stab: Sleeping          |       |     2 ||     2
  Eat: Chunk             |       |     9 ||     9
Armor: Animal skin       |    12 |     8 ||    20
       Chain mail        |       |    40 ||    40
Dodge: Dodged            |    34 |    61 ||    95
Block: Buckler           |       |     6 ||     6

Table legend:
 A = Non-vault XP
 B = Vault XP
 C = Vault XP percentage of total XP
 D = Non-vault monster count
 E = Vault monster count
 F = Vault count percentage of total count
                 A         B        C        D         E       F
            +---------+---------+-------+---------+---------+-------
      Total |     247 |      98 |  28.4 |      56 |      19 |  25.3
            +---------+---------+-------+---------+---------+-------
        D:1 |      25 |       0 |   0.0 |      13 |       0 |   0.0
        D:2 |     116 |       6 |   4.9 |      11 |       6 |  35.3
        D:3 |     106 |      92 |  46.5 |      32 |      13 |  28.9
            +---------+---------+-------+---------+---------+-------
